 Dungeon Crawl Stone Soup version 0.29.0-4-gdea44cf6ec (webtiles) character file.

Game seed: 7121834948426862937

3937 ragingrage the Cleaver (level 10, -1/68 (75) HPs)
             Began as a Palentonga Berserker on Aug 26, 2022.
             Was a Priest of Trog.
             Slain by a troll (16 damage)
             ... on level 9 of the Dungeon.
             The game lasted 00:08:19 (11377 turns).

ragingrage the Cleaver (Palentonga Berserker)      Turns: 11377, Time: 00:08:19

HP:   -1/68 (75)    AC: 14    Str: 26    XL:     10   Next: 1%
MP:   10/10         EV:  9    Int:  7    God:    Trog [***...]
Gold: 335           SH:  0    Dex: 11    Spells: 9/9 levels left

rFire   . . .      SeeInvis +   s - +1 hand axe (chaos)
rCold   + . .      Faith    .   (no shield)
rNeg    . . .      Spirit   .   v - +3 leather armour "Zetzytimp" {rC+}
rPois   .          Reflect  .   (no helmet)
rElec   .          Harm     .   (no cloak)
rCorr   .          Rampage  .   (no gloves)
Will    .....                   (no barding)
Stlth   +.........              (no amulet)
HPRegen 0.21/turn               (no ring)
MPRegen 0.12/turn               (no ring)

@: drained, curled up
A: large, rugged brown scales 3, see invisible, deformed body, roll 1, armoured
tail, reflexive curl
a: Rolling Charge, Renounce Religion, Berserk, Trog's Hand


You were on level 9 of the Dungeon.
You worshipped Trog.
Trog was most pleased with you.
You visited 1 branch of the dungeon, and saw 9 of its levels.

You collected 500 gold pieces.
You spent 165 gold pieces at shops.

Inventory:

Hand Weapons
 o - a +0 war axe
 s - a +1 hand axe of chaos (weapon)
 x - a +1 vorpal spear
Missiles
 b - 34 poisoned darts (quivered)
 F - 4 javelins
 G - 2 curare-tipped darts
Armour
 v - the +3 leather armour "Zetzytimp" (worn) {rC+}
   (You found it on level 3 of the Dungeon)

   rC:        It protects you from cold.
 y - a +1 crystal plate armour
Wands
 c - a wand of mindburst (24)
 p - a wand of flame (10)
 z - a wand of iceblast (8)
Scrolls
 a - 2 scrolls of enchant armour
 g - a scroll of fear
 h - 3 scrolls of poison
 i - 2 scrolls of fog
 j - 2 scrolls of noise
 l - 2 scrolls of teleportation
 r - 8 scrolls of identify
 B - a scroll of silence {unknown}
 E - a scroll of enchant weapon {unknown}
Potions
 d - 2 potions of heal wounds
 e - 3 potions of degeneration
 f - a potion of resistance {unknown}
 k - a potion of haste {unknown}
 m - 3 potions of magic {unknown}
 n - 6 potions of curing {unknown}
 w - a potion of brilliance {unknown}
 A - 2 potions of lignification {unknown}
 C - a potion of might {unknown}
 D - a potion of berserk rage {unknown}
 H - a potion of flight {unknown}


   Skills:
 * Level 4.1 Fighting
 - Level 14.0 Axes
 + Level 1.2 Throwing
 + Level 2.3 Armour
 - Level 1.5 Dodging


You had 9 spell levels left.
You didn't know any spells.
Your spell library was empty.

Dungeon Overview and Level Annotations

Branches:
Dungeon (9/15)             Temple (0/1) D:4            Lair (0/5) D:8
    Orc: D:9-12

Altars:
Dithmenos
Kikubaaqudgha
Vehumet
Xom
Yredelemnul
The Shining One

Shops:
D:3 [   D:4 [=


Innate Abilities, Weirdness & Mutations

You are completely covered in rugged brown scales. (AC +3, +7% HP)
You have supernaturally acute eyesight. (SInv)
Armour fits poorly on your strangely shaped body.
You can roll at nearby foes to attack.
You have a long armoured tail.
You curl defensively after being hit. (AC +7*)


Message History

The troll claws you but does no damage.
You hit the troll but do no damage. You tail-slap the troll.
The troll is lightly wounded.
The troll barely misses you. The troll claws you but does no damage.
The troll closely misses you.
You closely miss the troll.
The troll is lightly wounded.
You slash the troll!
The troll is moderately wounded.
The troll bites you! The troll claws you!
The troll claws you but does no damage.
You closely miss the troll.
The troll is moderately wounded.
You are too injured to fight recklessly!
You hit the troll. You burn the troll. You tail-slap the troll!
The troll is heavily wounded.
The troll bites you but does no damage. The troll claws you.
The troll claws you!
You are too injured to fight recklessly!
You barely miss the troll.
The troll is heavily wounded.
The troll bites you but does no damage. The troll claws you.
The troll completely misses you.
You are too injured to fight recklessly!
You slash the troll!
The troll is poisoned.
The troll is severely wounded.
You are too injured to fight recklessly!
You hit the troll. You freeze the troll.
The troll is severely wounded.
The troll bites you!
* * * LOW HITPOINT WARNING * * *
The troll claws you.
* * * LOW HITPOINT WARNING * * *
The troll claws you but does no damage.
You hit the troll. Your punch misses the troll.
The troll is severely wounded.
You hit the troll but do no damage.
The troll is severely wounded.
The troll bites you!
You die...

........#######
..........!...#
..............#
..............#
..............#
...[..........#
........>.....#
T.......@T....#
......).)######
....########)#
........####)#
........#....#
........#.##.#
#......#.##.#
#......#.##.#
##......#.##.#


You could see a troll (very poisoned).

Vanquished Creatures
  A hornet (D:6)
  A wyvern (D:8)
  A wraith (D:9)
  A steam dragon (D:8)
  An orc warrior (D:7)
  An ice beast (D:6)
  A sky beast (D:6)
  A black bear (D:5)
  2 ogres
  2 centaurs (D:8)
  A wolf (D:8)
  2 phantoms (D:6)
  3 kobold brigands
  8 bullfrogs
  3 necrophages
  A gnoll sergeant (D:7)
  6 scorpions
  5 wights
  7 killer bees (D:7)
  A howler monkey (D:7)
  5 jellies
  2 orc wizards (D:7)
  2 iguanas
  2 adders
  5 gnolls
  A shadow imp (D:6)
  2 white imps
  2 ufetubi (D:5)
  2 worms
  3 dart slugs
  17 orcs
  5 endoplasms
  7 giant cockroaches
  12 goblins
  9 hobgoblins
  4 jackals (D:1)
  23 kobolds
  2 quokkas
  5 ball pythons
  7 bats
  2 frilled lizards
  6 rats
  A spectral orc (D:4)
175 creatures vanquished.

Vanquished Creatures (others)
  7 withered plants (D:7)
7 creatures vanquished.

Grand Total: 182 creatures vanquished

Notes
Turn   | Place    | Note
-------+----------+-------------------------------------------
     0 | D:1      | ragingrage the Palentonga Berserker began the quest for the
                  | Orb.
     0 | D:1      | Reached XP level 1. HP: 19/19 MP: 1/1
    17 | D:1      | Reached XP level 2. HP: 24/25 MP: 2/2
   152 | D:1      | Reached skill level 4 in Axes
   293 | D:1      | Reached XP level 3. HP: 28/31 MP: 3/3
   837 | D:2      | Reached ** piety under Trog
  1272 | D:2      | Reached XP level 4. HP: 33/37 MP: 4/4
  1382 | D:2      | Reached skill level 5 in Axes
  2079 | D:3      | Identified the +3 leather armour "Zetzytimp" {rC+}
  2169 | D:3      | Found a faded altar of an unknown god.
  2581 | D:3      | Found Usiroen's Antique Armour Shop.
  3347 | D:4      | Noticed an ogre
  3354 | D:4      | Killed an ogre
  3355 | D:4      | Reached skill level 6 in Axes
  3355 | D:4      | Reached XP level 5. HP: 43/43 MP: 5/5
  3448 | D:4      | Reached *** piety under Trog
  3511 | D:4      | Found Lyida's Antique Armour Shoppe.
  3515 | D:4      | Bought an ichor-stained robe for 165 gold pieces
  3515 | D:4      | Identified the +1 robe "Dafusu" {Harm rPois Str+3 Int+4}
                  | (You bought it in a shop on level 4 of the Dungeon)
  3688 | D:4      | Found Canah Iclara's Jewellery Boutique.
  3693 | D:4      | Found a staircase to the Ecumenical Temple.
  3880 | D:4      | Found a basalt altar of Yredelemnul.
  3981 | D:5      | Entered Level 5 of the Dungeon
  4033 | D:5      | Reached XP level 6. HP: 48/50 MP: 6/6
  4059 | D:5      | Reached skill level 7 in Axes
  4190 | D:5      | Reached skill level 8 in Axes
  4190 | D:5      | Gained mutation: You curl defensively after being hit. (AC
                  | +7*) [Palentonga growth]
  4190 | D:5      | Reached XP level 7. HP: 32/55 MP: 7/7
  4838 | D:5      | Reached skill level 9 in Axes
  5832 | D:6      | Found a glowing golden altar of the Shining One.
  6007 | D:6      | Reached XP level 8. HP: 58/62 MP: 8/8
  6035 | D:6      | Reached skill level 10 in Axes
  6103 | D:6      | Noticed a hornet
  6111 | D:6      | Killed a hornet
  6405 | D:6      | Reached skill level 11 in Axes
  7269 | D:7      | Reached skill level 12 in Axes
  7277 | D:7      | Reached XP level 9. HP: 54/67 MP: 9/9
  8431 | D:7      | Reached skill level 13 in Axes
  8784 | D:7      | Found an ancient bone altar of Kikubaaqudgha.
  9427 | D:8      | Found a shadowy altar of Dithmenos.
  9615 | D:8      | Found a shimmering altar of Xom.
  9675 | D:8      | Found a radiant altar of Vehumet.
 10332 | D:8      | Reached skill level 14 in Axes
 10461 | D:8      | Found a staircase to the Lair.
 10805 | D:8      | Reached skill level 1 in Throwing
 11117 | D:9      | Reached XP level 10. HP: 49/67 MP: 10/10
 11377 | D:9      | Slain by a troll

Illustrated notes

Levels and vault maps discovered:
D:1:      lightli_arrival_chessboard, layout_rooms, minmay_split_cup_small
D:2:      layout_basic, minmay_misc_feat_secret_circle,
          kennysheep_generic_room_3
D:3:      layout_basic, serial_shops, nicolae_shop_waterfront, serial_rivers,
          chequers_serial_rivers_large_a, chequers_serial_rivers_small_3,
          chequers_serial_rivers_large_b, chequers_serial_rivers_micro_d,
          shapermc_ecumenical_altar_notcrosses, kennysheep_generic_room_7
D:4:      layout_loops_ring, yredelemnul_forgotten_temple_becter,
          minmay_temple_entry_antechambers, serial_shops,
          nicolae_shop_behind_doors, shop, serial_park_tiny_1
D:5:      layout_basic
D:6:      layout_basic, mainiacjoe_overflow_small_starburst
D:7:      minmay_evil_eye, layout_loops_corners, kiku_gazebo_garden_becter
D:8:      layout_loops_ring, nicolae_vehumet_altar_sigil,
          mainiacjoe_overflow_24_doors, nicolae_dithmenos_the_darkroom
D:9:      layout_basic

Skill      XL: |  1  2  3  4  5  6  7  8  9 |
---------------+----------------------------+-----
Axes           | 4 6 8 9 12 14 | 14.0
Armour         | 2 |  2.3
Throwing       | 1 |  1.2
Fighting       | 4 |  4.1
Dodging        | |  1.5

Action                   |  1- 3 |  4- 6 |  7- 9 | 10-12 || total
-------------------------+-------+-------+-------+-------++-------
Melee: Hand axe          |    32 |   101 |   322 |    21 ||   476
       Whip              |    60 |     8 |       |       ||    68
       Tailslap          |     6 |    12 |    46 |     3 ||    67
       Punch             |       |       |     4 |       ||     4
Throw: Dart              |       |     4 |       |       ||     4
Invok: Berserk           |     5 |     4 |     6 |       ||    15
 Abil: Rolling Charge    |     3 |     7 |    18 |     1 ||    29
  Use: Potion            |       |     1 |     1 |       ||     2
       Scroll            |       |       |    13 |       ||    13
Armor: Animal skin       |    35 |    13 |       |       ||    48
       Leather armour    |       |    32 |    66 |    13 ||   111
Dodge: Dodged            |    34 |    48 |    99 |     8 ||   189
